 Dungeon Crawl Stone Soup version 0.31-a0-232-gb1c03b2570 (webtiles) character file.

Game seed: 14404356934818861055

242 qw the Shooter (level 6, -1/38 HPs)
             Began as a Gargoyle Hexslinger on July 7, 2023.
             Slain by a gnoll
             ... wielding a +0 spear
              (2 damage)
             ... on level 4 of the Dungeon.
             The game lasted 00:01:01 (2470 turns).

qw the Shooter (Gargoyle Hexslinger)                Turns: 2470, Time: 00:01:02

Health: -1/38      AC: 10    Str: 11    XL:     6   Next: 9%
Magic:  7/7        EV: 11    Int: 16    God:
Gold:   120        SH:  0    Dex: 17    Spells: 6/7 levels left

rFire   . . .        h - +0 shortbow
rCold   + . .        (shield currently unavailable)
rNeg    + . .        c - +1 leather armour "Uckuiz" {+Blink Int+2 Dex+3}
rPois   inf          b - +0 helmet
rElec   +            (no cloak)
rCorr   .            g - +0 pair of gloves
SInv    .            (no boots)
Will    .....        (no amulet)
Stlth   +            j - ring of protection from cold
HPRegen 0.26/turn    (no ring)
MPRegen 0.10/turn

%: no passive effects
@: no status effects
A: sickness immunity, AC +4, negative energy resistance 1, electricity
resistance, torment resistance 1, petrification resistance
a: Evoke Blink


You were on level 4 of the Dungeon.
You visited 1 branch of the dungeon, and saw 4 of its levels.

You collected 120 gold pieces.


Innate Abilities, Weirdness & Mutations

You are immune to sickness and miasma.
Your stone body is resilient. (AC +4)
You are immune to poison.
You resist negative energy. (rN+)
You are resistant to electric shocks. (rElec)
You are resistant to unholy torment.
You are immune to petrification.


   Skills:
 - Level 3.7 Fighting
 - Level 5.0 Ranged Weapons
 + Level 0.9 Armour
 - Level 1.5 Dodging
 - Level 1.0 Spellcasting
 - Level 2.6 Hexes


You had 6 spell levels left.
You knew the following spells:

 Your Spells              Type           Power      Damage    Failure   Level
a - Slow                  Hex            36%        N/A       10%         1

Your spell library contained the following spells:

 Spells                   Type           Power      Damage    Failure   Level
 Inner Flame              Hex/Fire       5%         N/A       45%         3
 Portal Projectile        Hex/Tloc       10%        N/A       45%         3
 Cause Fear               Hex            4%         N/A       69%         4

Inventory:

Hand Weapons
 h - a +0 shortbow (weapon)
Armour
 b - a +0 helmet (worn)
 c - the +1 leather armour "Uckuiz" (worn) {+Blink Int+2 Dex+3}
   (You found it on level 2 of the Dungeon)

   Int:       It affects your intelligence (+2).
   Dex:       It affects your dexterity (+3).
   +Blink:    It lets you blink.
 g - a +0 pair of gloves (worn)
Jewellery
 j - a ring of protection from cold (left hand)
Scrolls
 f - 3 scrolls of identify
 m - a scroll of fear {unknown}
Potions
 a - a potion of haste {unknown}
 d - a potion of curing
 e - a potion of ambrosia {unknown}
 i - a potion of brilliance {unknown}
 k - a potion of resistance {unknown}
 l - a potion of berserk rage {unknown}

Dungeon Overview and Level Annotations

Branches:
Dungeon (4/15)
 Temple: D:4-7

Altars:
Dithmenos
Nemelex Xobeh
Qazlal

Annotations:
D:4 Grinder


Message History

The orc priest hits you but does no damage.
The gnoll hits you but does no damage. The gnoll closely misses you.
You shoot an arrow. The arrow barely misses the orc priest.
The gnoll hits you but does no damage.
The orc priest hits you but does no damage.
The orc priest closely misses you. The gnoll hits you but does no damage.
You shoot an arrow.
The arrow hits the orc priest but does no damage.
You hear a shout!
The gnoll misses you.
The orc priest hits you but does no damage.
An orc comes into view. It is wielding a +0 mace.
The orc priest completely misses you.
Grinder zaps a wand.
The puff of flame hits you.
The gnoll hits you from afar with a +0 spear.
You shoot an arrow. The arrow barely misses the orc priest.
Grinder zaps a wand.
The puff of flame hits you but does no damage.
The gnoll hits you but does no damage. The gnoll barely misses you.
The orc priest hits you but does no damage. x2
The orc priest barely misses you. x2; Grinder zaps a wand.
The puff of flame hits you! The gnoll hits you but does no damage.
The gnoll closely misses you.
You shoot an arrow.
The arrow closely misses the orc priest.
The gnoll hits you but does no damage.
The orc priest hits you but does no damage.
The orc priest looks encouraged for a moment.
Grinder zaps a wand.
The puff of flame hits you. The gnoll barely misses you.
You shoot an arrow.
The arrow completely misses the orc priest.
The gnoll closely misses you.
The orc priest miscasts a cantrip.
The gnoll closely misses you.
The orc priest hits you but does no damage.
You shoot an arrow. The arrow hits Grinder!
Grinder is lightly wounded.
The gnoll barely misses you. The orc hits you with a +0 mace.
The gnoll hits you from afar with a +0 spear.
You die...

...................###.
#####.........#.......
#.##.........#.....#.
#.#...<.####.###.....
#......#####.........
#..#.......#####.#..#
#...........%....#...
#..#5#..#..#######...
##.#@o...... #...
#...oo.....# #...
#..gg.....## #...
#...#.##### #... .....
.. #... #####. ### #...
>. #... ## #..


You could see Grinder, 2 orc priests, 2 gnolls and an orc.

Vanquished Creatures
  A scorpion (D:4)
  Jessica (D:2)
  An iguana (D:3)
  3 adders
  5 gnolls
  A dart slug (D:3)
  4 endoplasms
  A giant cockroach (D:4)
  8 goblins
  6 hobgoblins
  4 quokkas
  9 ball pythons
  7 bats
  A frilled lizard (D:1)
  2 kobolds (D:3)
  5 rats
59 creatures vanquished.

Notes
Turn   | Place    | Note
-------+----------+-------------------------------------------
     0 | D:1      | qw the Gargoyle Hexslinger began the quest for the Orb.
     0 | D:1      | Reached XP level 1. HP: 12/12 MP: 2/2
     0 | D:1      | 0 ||| qw: Version: 0.3-a-46-gb1f654a
     0 | D:1      | 0 ||| qw: Game counter: 2988
     0 | D:1      | 0 ||| qw: Melee chars always use a shield: true
     0 | D:1      | 0 ||| qw: God list: Okawaru
     0 | D:1      | 0 ||| qw: Allow faded altars: false
     0 | D:1      | 0 ||| qw: Do Orc after clearing Dungeon:15 true
     0 | D:1      | 0 ||| qw: Do second Lair branch before Depths: true
     0 | D:1      | 0 ||| qw: Lair rune preference: random
     0 | D:1      | 0 ||| qw: Goals: Normal
     0 | D:1      | 0 ||| PLANNING D:1-11
   397 | D:1      | Reached XP level 2. HP: 16/16 MP: 3/3
   538 | D:1      | Found a faded altar of an unknown god.
   624 | D:1      | Reached skill level 3 in Ranged Weapons
   769 | D:1      | 769 ||| UPGRADING to +0 leather armour.
   779 | D:1      | 779 ||| DROPPING +0 robe.
   780 | D:1      | 780 ||| READING scroll labelled QAXE KOUDDOVONT.
   783 | D:1      | 783 ||| READING scroll labelled ELEDUI JUWI.
   784 | D:1      | 784 ||| DRINKING 2 white potions.
   785 | D:1      | 785 ||| DROPPING scroll of poison.
   843 | D:2      | Identified the +1 leather armour "Uckuiz" {+Blink Int+2
                  | Dex+3}
   926 | D:2      | Found a stormy altar of Qazlal.
  1008 | D:2      | Reached XP level 3. HP: 21/21 MP: 4/4
  1323 | D:2      | Noticed Jessica
  1328 | D:2      | Killed Jessica
  1329 | D:2      | Reached skill level 4 in Ranged Weapons
  1329 | D:2      | Reached XP level 4. HP: 26/26 MP: 5/5
  1370 | D:2      | 1370 ||| UPGRADING to +0 helmet.
  1375 | D:2      | 1375 ||| UPGRADING to +1 leather armour "Uckuiz" {+Blink
                  | Int+2 Dex+3}.
  1385 | D:2      | 1385 ||| DROPPING +0 leather armour.
  1386 | D:2      | 1386 ||| READING scroll labelled AFRYCW DYR OLA.
  1387 | D:2      | 1387 ||| READING scroll labelled WUPTOKL NUKHI.
  1388 | D:2      | 1388 ||| READING scroll labelled NENOPH NIVUES.
  1389 | D:2      | 1389 ||| READING scroll labelled VANEHY IZAS.
  1390 | D:2      | 1390 ||| READING scroll labelled SAPUAVVE ESANIQA.
  1443 | D:3      | Reached XP level 5. HP: 30/30 MP: 6/6
  1547 | D:3      | Reached skill level 5 in Ranged Weapons
  1958 | D:3      | Found a sparkling altar of Nemelex Xobeh.
  2045 | D:3      | 2045 ||| UPGRADING to +0 pair of gloves.
  2050 | D:3      | 2050 ||| UPGRADING to ring of protection from cold.
  2051 | D:3      | 2051 ||| READING 2 scrolls labelled CIELUB XOIMNIG.
  2052 | D:3      | 2052 ||| READING scroll labelled XOODWA HUFOJO.
  2053 | D:3      | 2053 ||| READING scroll labelled UXZURI MIUGGUA.
  2270 | D:4      | Found a shadowy altar of Dithmenos.
  2271 | D:4      | 2271 ||| SWAPPING to +0 shortbow.
  2272 | D:4      | 2272 ||| DROPPING +2 sling.
  2392 | D:4      | Reached skill level 3 in Fighting
  2392 | D:4      | Reached XP level 6. HP: 38/38 MP: 7/7
  2454 | D:4      | Noticed Grinder
  2457 | D:4      | Paralysed by Grinder for 2 turns
  2468 | D:4      | HP: 7/38 [Grinder/puff of flame (5)]
  2470 | D:4      | HP: 1/38 [orc/+0 mace (6)]
  2470 | D:4      | Slain by a gnoll

Levels and vault maps discovered:
D:1:      minmay_arrival_radiant_lines, layout_loops_corners,
          ebering_ecumenical_altar_webs
D:2:      layout_loops_ring, basic_altar, uniq_jessica
D:3:      layout_basic, nemelex_diamond_rough_becter, kennysheep_generic_room_3
D:4:      layout_basic, grunt_dithmenos_smoke, uniq_grinder

Skill      XL: |  1  2  3  4  5 |
---------------+----------------+-----
Ranged Weapons | 3 4 5 |  5.0
Fighting       | 2 3 |  3.7
Armour         | |  0.9
Dodging        | |  1.5
Spellcasting   | |  1.0
Hexes          | |  2.6

Action                     |  1- 3 |  4- 6 || total
---------------------------+-------+-------++-------
   Fire: Sling             |   110 |    70 ||   180
         Shortbow          |       |    41 ||    41
    Use: Scroll            |     2 |     8 ||    10
         Potion            |     1 |       ||     1
 Armour: Robe              |    11 |       ||    11
         Leather armour    |    16 |    26 ||    42
  Dodge: Dodged            |    23 |    46 ||    69

Table legend:
 A = Non-vault XP
 B = Vault XP
 C = Vault XP percentage of total XP
 D = Non-vault monster count
 E = Vault monster count
 F = Vault count percentage of total count
                 A         B        C        D         E       F
            +---------+---------+-------+---------+---------+-------
      Total |     308 |      39 |  11.2 |      57 |       2 |   3.4
            +---------+---------+-------+---------+---------+-------
        D:1 |      20 |       0 |   0.0 |      12 |       0 |   0.0
        D:2 |      53 |      37 |  41.1 |      18 |       1 |   5.3
        D:3 |     124 |       2 |   1.6 |      19 |       1 |   5.0
        D:4 |     111 |       0 |   0.0 |       8 |       0 |   0.0
            +---------+---------+-------+---------+---------+-------
